 Dungeon Crawl Stone Soup version 0.19-a0-1855-gb7442ac (webtiles) character file.

128 Amnesiac the Sneak (level 4, 0/27 HPs)
             Began as a Deep Elf Assassin on Oct 12, 2016.
             Slain by a water moccasin (9 damage)
             ... on level 5 of the Dungeon.
             The game lasted 00:01:54 (527 turns).

Amnesiac the Sneak (Deep Elf Assassin)               Turns: 527, Time: 00:01:55

Health: 0/27       AC:  3    Str:  7 (8)  XL:     4   Next: 87%
Magic:  6/6        EV: 13    Int: 14 (16) God:
Gold:   54         SH:  0    Dex: 14 (17) Spells: 0 memorised, 3 levels left

rFire  . . .     SeeInvis .     q - +2 long sword (holy)
rCold  . . .     Gourm    .     c - +0 robe
rNeg   . . .     Faith    .     (no shield)
rPois  .         Spirit   .     (no helmet)
rElec  .         Dismiss  .     d - +0 cloak
rCorr  .         Reflect  .     (no gloves)
MR     +....     Harm     .     (no boots)
Stlth  +++....... Rnd*Tele +    (no amulet)
                                n - ring of teleportation (curse)
                                o - ring of protection from magic

@: no status effects
A: no striking features
a: no special abilities


You were on level 5 of the Dungeon.
You were not hungry.

You visited 1 branch of the dungeon, and saw 5 of its levels.

You collected 54 gold pieces.

Inventory:

Hand Weapons
 e - a +1 blowgun
 q - a +2 long sword of holy wrath (weapon)
 w - a +2 dagger
Missiles
 b - 8 poisoned needles
 f - 2 curare-tipped needles
 h - 2 throwing nets (quivered)
Armour
 c - a +0 robe (worn)
 d - a +0 cloak (worn)
Jewellery
 n - a cursed ring of teleportation (right hand)
 o - a ring of protection from magic (left hand)
Scrolls
 j - a scroll of enchant weapon
 m - 2 scrolls of identify
Potions
 p - a potion of curing
Comestibles
 g - 2 bread rations
 i - a meat ration


   Skills:
 + Level 2.3 Fighting
 + Level 2.7 Short Blades
 + Level 2.8 Throwing
 + Level 2.8 Dodging
 + Level 5.6 Stealth


You had 3 spell levels left.
You didn't know any spells.

Dungeon Overview and Level Annotations

Branches:
Dungeon (5/15)
 Temple: D:4-7

Altars:

Annotations:
D:5 exclusion: water moccasin


Message History

As you read the scroll labeled IRGHAM PIRAMPOCSU, it crumbles to dust.
It is a scroll of recharging.
You aren't carrying any rechargeable items.
The water moccasin bites you.
The centaur moves out of view.
The howler monkey barely misses you.
You riposte.
You closely miss the howler monkey.
The howler monkey is almost dead.
The water moccasin bites you but does no damage.
Okay, then.
It was a potion of degeneration.
There was something very wrong with that liquid.
You feel weakened.
You feel dopey.
You feel clumsy.
The water moccasin bites you but does no damage.
The howler monkey barely misses you.
Okay, then.
Okay, then.
The water moccasin barely misses you.
The howler monkey hoots and howls with incredible vigour!
The water moccasin bites you!
You die...

#....>..#######'###....
#########.........# ...
.............#
.##....###### ##....##
#......# ##.....#
#.....# #..@S.# .
+.....# ...
...###h###.....
....(.oc.....h..
................
................
................
................
....#######+####


You could see a water moccasin, a centaur, a howler monkey and an orc.

Vanquished Creatures
  A scorpion (D:4)
  A howler monkey (D:5)
  A hound (D:4)
  2 bats (D:2)
  2 giant cockroaches
  2 hobgoblins
  2 frilled lizards
  A rat (D:2)
12 creatures vanquished.

Notes
Turn   | Place    | Note
-------+----------+-------------------------------------------
     0 | D:1      | Amnesiac the Deep Elf Assassin began the quest for the Orb.
     0 | D:1      | Reached XP level 1. HP: 12/12 MP: 3/3
   111 | D:2      | Reached skill level 5 in Stealth
   231 | D:3      | Reached XP level 2. HP: 17/17 MP: 4/4
   306 | D:4      | Reached XP level 3. HP: 15/21 MP: 5/5
   317 | D:4      | Noticed a scorpion
   331 | D:4      | Killed a scorpion
   331 | D:4      | Reached XP level 4. HP: 20/26 MP: 6/6
   397 | D:5      | Entered Level 5 of the Dungeon
   451 | D:5      | Noticed a water moccasin
   525 | D:5      | Noticed a centaur
   527 | D:5      | Slain by a water moccasin

Vault maps used:
D:1:      dpeg_arrival_yet_another_circle
D:2:      nicolae_gozag_cash_rules_everything_around_me
D:3:      hangedman_decor_slide_cut
D:4:      first_bread, serial_shops, shop, uniq_menkaure
D:5:      corexii_item_surrounded_by_moat, serial_park_tiny_2

Skill      XL: |  1  2 |
---------------+-------+-----
Stealth        | 5 |  5.6
Fighting       | 2 |  2.3
Dodging        | 2 |  2.8
Short Blades   | |  2.7
Throwing       | |  2.8

Action                   |  1- 3 |  4- 6 || total
-------------------------+-------+-------++-------
Melee: Long sword        |    18 |     8 ||    26
       Dagger            |     1 |       ||     1
 Fire: Blowgun           |     3 |       ||     3
  Use: Scroll            |     3 |     1 ||     4
       Potion            |       |     1 ||     1
 Stab: Sleeping          |     7 |       ||     7
Armor: Robe              |     7 |     2 ||     9
Dodge: Dodged            |    20 |     9 ||    29
       Rpst.: Long sword |     5 |     2 ||     7
